 Dungeon Crawl Stone Soup version 0.22.0-18-ge075c0d (webtiles) character file.

1250 Tarasboulda the Spear-Bearer (level 8, -2/52 HPs)
             Began as a Merfolk Ice Elementalist on Aug 19, 2018.
             Was a Follower of Wu Jian.
             Slain by a wight
             ... wielding a +5 spear
              (4 damage)
             ... on level 6 of the Dungeon.
             The game lasted 00:30:15 (6539 turns).

Tarasboulda the Spear-Bearer (MfIE)                 Turns: 6539, Time: 00:30:15

Health: -2/52      AC:  2    Str: 10    XL:     8   Next: 50%
Magic:  0/11       EV: 14    Int: 15    God:    Wu Jian [*.....]
Gold:   154        SH:  0    Dex: 16    Spells: 5/11 levels left

rFire    x . .     SeeInvis .   r - +0 trident
rCold    + . .     Gourm    .   (no shield)
rNeg     . . .     Faith    .   a - +0 robe
rPois    .         Spirit   +   (no helmet)
rElec    .         Reflect  .   k - scarf {repulsion}
rCorr    .         Harm     .   (no gloves)
MR       .....                  (no boots)
Stlth    ++........             i - amulet of guardian spirit
HPRegen  0.17/turn              f - ring of ice
MPRegen  0.12/turn              n - +2 ring of strength

@: heavily drained, repel missiles
A: change form in water, swift swim, stealthy swim
a: Renounce Religion


You were on level 6 of the Dungeon.
You worshipped Wu Jian.
Wu Jian was aware of your devotion.
You were not hungry.

You visited 1 branch of the dungeon, and saw 6 of its levels.
You also visited: Ossuary.

You collected 154 gold pieces.

Inventory:

Hand Weapons
 r - a +0 trident (weapon)
Armour
 a - a +0 robe (worn)
 k - a scarf of repulsion (worn)
 D - a +0 robe
Jewellery
 f - a ring of ice (left hand)
 i - an amulet of guardian spirit (around neck)
 n - a +2 ring of strength (right hand)
 B - an uncursed amulet of harm {unknown}
 G - an uncursed ring of flight {unknown}
Wands
 m - a wand of enslavement (17)
 x - a wand of disintegration (7)
 y - a wand of digging (7)
Scrolls
 b - 5 scrolls of identify
 e - 4 scrolls of magic mapping {unknown}
 g - 2 scrolls of immolation
 o - 2 scrolls of remove curse {unknown}
 s - a scroll of amnesia {unknown}
 v - a scroll of fear {unknown}
 C - a scroll of enchant armour {unknown}
Potions
 d - 4 potions of magic
 h - 2 potions of curing
 j - a potion of mutation {unknown}
 l - 2 potions of invisibility {unknown}
 p - 2 potions of haste {unknown}
 q - a potion of brilliance {unknown}
 t - a potion of berserk rage {unknown}
 u - a potion of cancellation {unknown}
 z - 2 potions of lignification {unknown}
 A - a potion of heal wounds {unknown}
 E - a potion of agility {unknown}
 F - a potion of degeneration {unknown}
Comestibles
 c - 6 rations


   Skills:
 * Level 8.3(5.8) Polearms
 + Level 6.5(4.1) Dodging
 + Level 5.5(3.2) Stealth
 - Level 2.4(0.3) Spellcasting
 - Level 0.7(0.0) Conjurations
 + Level 6.1(3.8) Ice Magic


You had 5 spell levels left.
You knew the following spells:

 Your Spells              Type           Power        Failure   Level  Hunger
a - Freeze                Ice            ###.         5%          1    ##.....
b - Ozocubu's Armour      Chrm/Ice       #.......     34%         3    ####...
c - Throw Frost           Conj/Ice       #.....       19%         2    ###....

Your spell library contained the following spells:

 Spells                   Type           Power        Failure   Level  Hunger
 Summon Ice Beast         Ice/Summ       #.......     75%         4    #####..
 Throw Icicle             Conj/Ice       #.......     75%         4    #####..


Dungeon Overview and Level Annotations

Branches:
Dungeon (6/15)
 Temple: D:4-7

Altars:
Elyvilon
Gozag
Wu Jian
Zin
The Shining One
Beogh

Annotations:
D:3 3 runed doors, brik's ghost, amateur MiGl
D:5 2 runed doors, letownia2's ghost, novice DsTm
D:6 Dowan; Duvessa


Message History

The wight is lightly damaged.
The wight hits you from afar with an enchanted halberd!
You feel drained. The wight hits you with a falchion!
* * * LOW HITPOINT WARNING * * *
As you read the scroll labeled QOUJAIFAID, it crumbles to dust.
It is a scroll of identify.
g - 2 scrolls of immolation The wight hits you from afar with an enchanted spear!
* * * LOW HITPOINT WARNING * * *
The wight barely misses you.
As you read the scroll labeled XOIZUKEIGA, it crumbles to dust.
The scroll dissolves into smoke.
It was a scroll of fog.
The wight hits you from afar with an enchanted halberd.
* * * LOW HITPOINT WARNING * * *
The wight barely misses you.
You feel better. The wight misses you.
The wight hits you from afar with an enchanted halberd!
* * * LOW HITPOINT WARNING * * *
The wight hits you from afar with an enchanted spear.
You die...

#.# #.# #.# #.# ## #.# #.# #≈
#.###########.## #≈
#.#............# #≈
#...#########z.# #≈ ##z.# #..#
#≈ #.z## ######§[############≈
#...# #.z§@z§...........zz≈
#######..###z####z.############≈
.[.........z.# #..# #≈
#######..##### #..############.
#..# #............... #..#
##.########.#### #..#########.#
#.#### #..........### #####.....
##.######+#######'.##.####


You could see 3 wights.

Vanquished Creatures
  An orc warrior (D:6)
  A sky beast (D:5)
  A centaur (D:6)
  3 bullfrogs (D:6)
  2 scorpions
  4 wights (D:6)
  A jelly (D:5)
  2 hounds
  An orc wizard (D:5)
  A bullfrog skeleton (D:6)
  A bullfrog zombie (D:5)
  2 orc priests (D:5)
  Jessica (D:2)
  4 worker ants
  A mummy (Ossuary)
  6 adders
  2 shadow imps
  An ooze (D:1)
  An adder zombie (D:5)
  4 dart slugs
  4 leopard geckos
  15 orcs
  A giant cockroach (D:5)
  3 goblins
  4 hobgoblins
  5 kobolds
  A quokka (D:5)
  5 bats
  4 frilled lizards
  A leopard gecko skeleton (D:4)
  A quokka skeleton (D:6)
  5 rats
89 creatures vanquished.

Vanquished Creatures (others)
  An orc wizard (D:5)
  A kobold (D:2)
  A rat (D:2)
3 creatures vanquished.

Grand Total: 92 creatures vanquished

Notes
Turn   | Place    | Note
-------+----------+-------------------------------------------
     0 | D:1      | Tarasboulda the Merfolk Ice Elementalist began the quest for the Orb.
     0 | D:1      | Reached XP level 1. HP: 13/13 MP: 3/3
   344 | D:1      | Reached XP level 2. HP: 15/19 MP: 0/5
   913 | D:2      | Found a glowing golden altar of the Shining One.
   974 | D:2      | Found a white marble altar of Elyvilon.
  1122 | D:2      | Noticed Jessica
  1128 | D:2      | Killed Jessica
  1128 | D:2      | Reached XP level 3. HP: 21/24 MP: 1/6
  1267 | D:2      | Noticed an angel
  1268 | D:2      | Found a glowing silver altar of Zin.
  1892 | D:3      | Reached XP level 4. HP: 27/30 MP: 2/7
  1901 | D:3      | Learned a level 3 spell: Ozocubu's Armour
  2011 | D:3      | Found a runed gate.
  2028 | D:3      | Found a runed gate.
  2029 | D:3      | Found a runed gate.
  2031 | D:3      | Noticed brik's ghost (amateur MiGl)
  2142 | D:3      | Found a roughly hewn altar of Beogh.
  2167 | D:3      | Reached skill level 1 in Polearms
  2631 | D:4      | Reached skill level 2 in Polearms
  2631 | D:4      | Reached XP level 5. HP: 32/35 MP: 3/8
  2653 | D:4      | Found an ornate altar of the Wu Jian Council.
  2662 | D:4      | Became a worshipper of the Wu Jian Council
  2869 | D:4      | Reached skill level 3 in Polearms
  3234 | D:5      | Entered Level 5 of the Dungeon
  3389 | D:5      | Reached XP level 6. HP: 4/41 MP: 3/9
  3630 | D:5      | Reached skill level 4 in Polearms
  3930 | D:5      | Reached skill level 5 in Polearms
  3930 | D:5      | Reached skill level 5 in Ice Magic
  3987 | D:5      | Noticed a sky beast
  4060 | D:5      | Killed a sky beast
  4060 | D:5      | Reached skill level 5 in Dodging
  4060 | D:5      | Reached XP level 7. HP: 19/46 MP: 0/10
  4341 | D:5      | Found a large runed door.
  4341 | D:5      | Found a large runed door.
  4346 | D:5      | Noticed letownia2's ghost (novice DsTm)
  4967 | D:6      | Found an opulent altar of Gozag.
  4967 | D:6      | Noticed Duvessa
  4986 | D:6      | Noticed Dowan
  5000 | D:6      | Reached skill level 6 in Polearms
  5143 | D:6      | Reached skill level 7 in Polearms
  5143 | D:6      | Reached XP level 8. HP: 29/52 MP: 3/11
  5256 | D:6      | Reached skill level 5 in Stealth
  5470 | D:6      | Found a sand-covered staircase.
  5521 | D:6      | Reached * piety under Wu Jian
  5554 | Ossuary  | Entered an ossuary
  5569 | Ossuary  | Learned a level 2 spell: Throw Frost
  6305 | D:6      | Reached skill level 8 in Polearms
  6539 | D:6      | HP: 2/52 [wight/enchanted halberd (7)]
  6539 | D:6      | Slain by a wight

Skill      XL: |  1  2  3  4  5  6  7  8 |
---------------+-------------------------+-----
Dodging        | 3 4 5 6 |  6.5
Ice Magic      | 4 5 6 |  6.1
Polearms       | 2 3 5 7 8 |  8.3
Stealth        | 3 4 5 |  5.5
Spellcasting   | |  2.4
Conjurations   | |  0.7

Action                   |  1- 3 |  4- 6 |  7- 9 || total
-------------------------+-------+-------+-------++-------
Melee: Unarmed           |     8 |       |       ||     8
       Trident           |       |    39 |   123 ||   162
       Tailslap          |       |       |     4 ||     4
 Cast: Freeze            |    36 |    64 |    41 ||   141
       Ozocubu's Armour  |       |       |     4 ||     4
Invok: Lunge             |       |     7 |    24 ||    31
       Whirlwind         |       |       |     5 ||     5
  Use: Potion            |       |     2 |     1 ||     3
       Scroll            |       |       |     2 ||     2
 Stab: Sleeping          |     1 |     4 |     7 ||    12
       Distracted        |       |       |     1 ||     1
  Eat: Ration            |     1 |     2 |     2 ||     5
       Chunk             |       |     2 |     3 ||     5
Armor: Robe              |     3 |    10 |     1 ||    14
Dodge: Dodged            |    24 |    52 |    97 ||   173
       Deflected         |     1 |       |       ||     1
